AoeStats
← Dragonhell0106

Arabia

510455062Analyzed
2v2 RM · 12h ago on Oct 1, 2026· 42m 49s· 4 players
Game mode
Random Map
Map size
Medium (4 player)
Population
200
Speed
Normal
Resources
Standard
Victory
Conquest
Starting age
Dark Age
Ending age
Imperial Age
RankedLock teamsTeams togetherTeam positionsShared explorationLock speedFull tech treeHidden civsTurbo modeCheats
Victory
Defeat
🇨🇱 Mapuche · Chile
766
+15
🇨🇴 Varangians · Colombia
664
+19
🇱🇧 Spanish · Lebanon
751
-22
🇵🇦 Khmer · Panama
715
-16
Elcaifascefas
2:55 Loom
11:32 Feudal Age
12:04 Double-Bit Axe
17:42 Scale Barding Armor
18:30 Forging
22:29 Castle Age
21:11 Bloodlines
20:59 Fletching
23:43 Chain Barding Armor
24:50 Gold Mining
26:17 Gold Shaft Mining
27:40 Iron Casting
30:28 Husbandry
42:32 Elite Skirmisher
EMR
11:44 Feudal Age
10:03 Loom
Dragonhell0106
5:26 Loom
22:21 Feudal Age
25:54 Bloodlines
31:40 Double-Bit Axe
36:59 Fletching
42:47 Castle Age
42:22 Gold Mining
43:14 Scale Mail Armor
Viejo
9:31 Feudal Age
10:15 Double-Bit Axe
10:46 Horse Collar
18:47 Castle Age
18:01 Gold Mining
20:05 Fletching
21:10 Bodkin Arrow
22:27 Wheelbarrow
22:54 Ballistics
25:12 Padded Archer Armor
26:52 Leather Archer Armor
31:54 Imperial Age
34:24 Malon
36:10 Chemistry
36:26 Hand Cart
38:11 Butalmapu
38:27 Conscription
42:58 Heavy Plow
43:12 Bow Saw
Connection lost

Rejoining the realm…

Still unreachable

The connection could not be restored.

Session expired

The server has moved on; the page needs a fresh start.